Map: Lost and Found LE

Players

Gerodar

  • Race: Zerg Zerg
  • League: Diamond
  • Spawn Location: 7:00

killerpomo - Winner!

  • Race: Terran Terran
  • League: Master
  • Spawn Location: 1:00

VOD

Have the link to the VOD?

Description

Pretty standard macro game, having trouble vs lategame ghosts :(

Time

  • Played on: May 24, 2018, 5:29 p.m.
  • Length: 29:06
Show
View Real Time Build Order
Export as new Build Order

Gerodar Zerg 

Build Orders: Hatch First 

Get SALT Encoding   

  12  0:00  Drone  
  13  0:12  Overlord  
  13  0:17  Drone  
  14  0:31  Drone x2  
  14  0:34  Drone  
  17  0:52  Hatchery  
  17  0:54  Drone  
  17  0:57  Drone  
  18  1:08  Extractor  
  17  1:13  Spawning Pool  
  17  1:14  Drone  
  17  1:18  Drone  
  18  1:28  Drone  
  19  1:40  Overlord  
  19  1:50  Drone  
  20  1:59  Queen  
  20  2:00  Zergling x2  
  23  2:03  Queen  
  23  2:04  Zergling x2  
  26  2:11  Metabolic Boost  
  26  2:13  Drone  
  26  2:15  Drone  
  28  2:27  Drone x2  
  30  2:40  Hatchery  
  30  2:42  Drone x2  
  31  2:52  Overlord  
  31  2:53  Queen  
  33  3:00  Pneumatized Carapace  
  33  3:07  Drone  
  33  3:08  Drone x2  
  36  3:17  Drone x5  
  41  3:23  Overlord  
  41  3:28  Overlord  
  41  3:38  Overlord  
  41  3:42  Zergling x6  
  41  3:46  Drone x2  
  41  3:47  Baneling Nest  
  45  3:54  Lair  
  45  3:55  Drone x3  
  48  3:58  Extractor  
  48  3:59  Drone x2  
  49  4:09  Queen  
  51  4:10  Overlord  
  51  4:25  Zergling x6  
  51  4:26  Zergling x2  
  51  4:28  Drone x6  
  61  4:37  Queen  
  63  4:39  Spore Crawler  
  63  4:43  Spore Crawler  
  63  4:44  Spore Crawler  
  63  4:45  Drone x5  
  65  4:54  Baneling x5  
  65  4:55  Baneling  
  65  5:03  Zergling x2  
  65  5:04  Zergling x8  
  70  5:09  Evolution Chamber  
  70  5:10  Evolution Chamber, Drone x2, Hydralisk Den  
  70  5:11  Drone  
  70  5:23  Queen  
  70  5:25  Overlord x2  
  72  5:28  Overlord x2  
  72  5:38  Zerg Melee Weapons Level 1  
  72  5:39  Zerg Ground Armor Level 1  
  72  5:43  Drone x8  
  72  5:45  Extractor  
  72  5:47  Extractor x2  
  72  5:49  Drone x3  
  80  6:04  Grooved Spines  
  80  6:12  Hatchery  
  80  6:13  Drone x9  
  88  6:21  Hydralisk x2  
  88  6:22  Hydralisk  
  90  6:49  Infestation Pit  
  90  6:51  Zergling x4  
  90  6:52  Zergling x16  
  99  6:54  Baneling  
  99  6:55  Hydralisk x3, Baneling x7  
  99  6:58  Overlord x3  
  81  7:26  Spine Crawler x2, Extractor  
  78  7:32  Zergling x2  
  78  7:33  Zergling x30  
  94  7:38  Zerg Melee Weapons Level 2, Muscular Augments  
  94  7:40  Zerg Ground Armor Level 2  
  94  7:45  Drone x3  
  94  7:46  Drone x2  
  99  7:59  Drone x8  
  99  8:02  Hive  
  107  8:06  Drone x4  
  111  8:13  Hydralisk  
  111  8:14  Hydralisk x3  
  118  8:38  Spore Crawler  
  118  8:40  Spine Crawler  
  116  8:42  Drone x18, Spine Crawler, Extractor  
  116  8:43  Spine Crawler  
  116  8:47  Extractor  
  130  8:50  Hydralisk x3  
  130  8:53  Overlord x2  
  136  9:09  Hatchery  
  135  9:16  Baneling  
  135  9:17  Baneling x8  
  119  9:24  Zergling x14  
  119  9:25  Zergling x10  
  119  9:28  Hydralisk x5  
  119  9:29  Hydralisk x2  
  130  9:36  Centrifical Hooks  
  130  9:47  Zergling x18  
  130  9:48  Zergling x4  
  130  9:50  Baneling x5  
  141  9:59  Zerg Ground Armor Level 3, Zerg Melee Weapons Level 3  
  141  10:07  Ultralisk Cavern  
  140  10:19  Extractor  
  140  10:21  Extractor  
  138  10:30  Zergling x16  
  138  10:31  Zergling x24  
  151  10:53  Chitinous Plating  
  151  10:55  Ultralisk  
  151  10:56  Overlord x5  
  156  11:03  Queen  
  140  11:25  Ultralisk  
  140  11:26  Ultralisk x5  
  140  11:28  Zergling x2  
  140  11:29  Zergling x26  
  171  11:37  Zergling x14  
  176  11:45  Overseer  
  171  11:48  Zergling x18  
  171  11:50  Baneling  
  171  11:51  Baneling x18  
  171  11:52  Baneling  
  179  11:57  Hydralisk  
  179  11:58  Hydralisk x3  
  179  11:59  Hydralisk  
  186  12:13  Hydralisk x6  
  183  12:21  Drone x4  
  187  12:26  Baneling x9  
  187  12:27  Zergling x12  
  187  12:28  Zergling x8  
  197  12:31  Overlord x2  
  197  12:36  Zerg Missile Weapons Level 1  
  197  12:41  Adrenal Glands  
  197  12:45  Overlord x2  
  197  12:46  Overlord  
  191  13:00  Extractor  
  191  13:03  Zergling x22  
  191  13:04  Zergling x26  
  186  13:12  Ultralisk  
  143  13:22  Hydralisk  
  143  13:23  Hydralisk x6  
  155  13:33  Ultralisk x2  
  160  13:35  Zergling x2  
  160  13:36  Zergling x4  
  155  13:43  Baneling x8  
  155  13:44  Baneling x10  
  155  13:48  Zergling x10  
  157  13:54  Spire  
  159  14:07  Hydralisk x5  
  169  14:12  Hatchery  
  168  14:37  Zergling x2  
  168  14:38  Zergling x12  
  175  14:39  Hydralisk x7  
  175  14:40  Hydralisk x5  
  195  15:08  Burrow  
  195  15:10  Greater Spire  
  195  15:15  Zerg Missile Weapons Level 2  
  195  15:29  Corruptor x2  
  199  15:40  Spore Crawler, Zergling x2  
  199  15:41  Spine Crawler  
  199  15:42  Spine Crawler  
  194  15:50  Zergling x6  
  194  15:51  Zergling x4  
  183  16:04  Zergling x2  
  183  16:05  Zergling x32  
  177  16:15  Ultralisk x2  
  177  16:16  Ultralisk x5  
  191  16:23  Corruptor x2  
  191  16:24  Corruptor x2  
  161  16:33  Ultralisk  
  161  16:38  Baneling x11  
  161  16:39  Baneling x3  
  167  16:40  Zerg Flyer Weapons Level 1  
  167  16:49  Hydralisk x3  
  167  16:50  Hydralisk x2  
  177  17:00  Hydralisk  
  177  17:01  Hydralisk x3  
  167  17:13  Zergling x2  
  167  17:14  Zergling x12  
  166  17:26  Zergling x18  
  174  17:37  Zergling x2  
  174  17:38  Zergling x16  
  174  17:39  Hatchery  
  174  17:41  Baneling  
  174  17:42  Baneling x5  
  174  17:43  Baneling  
  180  17:48  Zerg Missile Weapons Level 3  
  179  17:58  Baneling  
  179  17:59  Baneling x11  
  179  18:00  Baneling x4  
  179  18:03  Zergling x2  
  179  18:04  Zergling x8  
  184  18:14  Zergling x16  
  192  18:32  Zergling x2  
  192  18:33  Zergling x26  
  190  18:37  Zerg Flyer Weapons Level 2  
  185  18:45  Corruptor x2  
  189  18:49  Baneling x5  
  189  18:50  Baneling  
  189  18:56  Pathogen Glands  
  189  19:13  Extractor  
  189  19:14  Spore Crawler, Extractor  
  189  19:16  Drone x7  
  193  19:23  Hatchery, Spine Crawler  
  191  19:37  Viper x2  
  197  19:44  Baneling x4  
  197  19:45  Baneling x9  
  197  19:51  Spore Crawler  
  197  19:52  Spine Crawler  
  195  19:55  Overseer  
  173  20:39  Ultralisk x4  
  196  20:57  Drone x3  
  199  20:58  Spine Crawler  
  199  20:59  Spine Crawler  
  197  21:05  Viper  
  197  21:08  Baneling  
  197  21:09  Baneling x3  
  200  21:28  Hatchery  
  197  21:41  Extractor  
  197  21:43  Extractor  
  195  21:47  Brood Lord  
  195  21:48  Brood Lord  
  179  22:02  Zergling x2  
  179  22:03  Zergling x40  
  181  22:15  Overseer x3  
  172  22:26  Brood Lord x3  
  172  22:27  Hydralisk x2  
  172  22:28  Hydralisk x8  
  198  23:00  Spore Crawler, Spine Crawler  
  198  23:01  Spine Crawler  
  198  23:03  Spine Crawler  
  194  23:13  Baneling x6  
  194  23:23  Ultralisk  
  189  23:34  Extractor  
  189  23:39  Extractor  
  187  23:50  Hatchery  
  187  23:54  Viper, Hydralisk  
  187  23:55  Hydralisk x8  
  159  24:09  Corruptor x9  
  139  24:16  Overseer x2  
  137  24:22  Overseer x2  
  127  24:29  Ultralisk x4  
  127  24:30  Ultralisk x6  
  187  24:37  Zergling x2  
  187  24:38  Zergling x24  
  188  24:56  Brood Lord x4  
  190  25:00  Zergling x16  
  174  25:21  Baneling  
  174  25:22  Baneling x7  
  173  25:48  Zergling x24  
  173  25:49  Zergling x30  
  178  26:03  Hydralisk  
  168  26:04  Hydralisk x5  
  177  26:17  Zergling x2  
  177  26:18  Zergling x10  
  170  26:20  Overseer  
  170  26:22  Overseer  
  117  26:45  Hydralisk x4  
  114  27:05  Brood Lord  
  114  27:06  Brood Lord  
  114  27:08  Brood Lord  
  120  27:14  Brood Lord  
  122  27:21  Hydralisk  
  124  27:24  Zergling x4  
  126  27:45  Hatchery  
  125  27:57  Zergling x2  
  125  27:58  Zergling x12  
  127  28:19  Zergling x2  
  108  28:20  Zergling x16  
  81  28:48  Overseer  
Show
View Real Time Build Order
Export as new Build Order

killerpomo Terran - Winner!

Build Orders: Bio Tank 

Get SALT Encoding   

  12  0:01  SCV  
  13  0:13  SCV  
  14  0:17  Supply Depot  
  14  0:25  SCV  
  15  0:38  SCV  
  15  0:40  Barracks  
  16  0:45  Refinery  
  16  0:51  SCV  
  17  1:03  SCV  
  18  1:15  SCV  
  19  1:27  Orbital Command  
  19  1:28  Marine, Supply Depot  
  20  1:46  Marine  
  21  1:52  Factory  
  21  1:53  SCV  
  22  2:05  SCV  
  23  2:10  Barracks Reactor, Command Center  
  23  2:18  SCV  
  24  2:24  Refinery  
  24  2:26  Supply Depot  
  24  2:30  SCV  
  25  2:37  Barracks  
  25  2:43  SCV  
  26  2:45  Factory Tech Lab  
  26  2:47  Marine x2  
  28  2:55  SCV  
  29  3:03  Barracks  
  29  3:04  Marine x2  
  31  3:07  SCV  
  31  3:11  Siege Tank  
  35  3:19  SCV  
  36  3:25  Marine  
  36  3:26  Barracks Tech Lab  
  37  3:30  Supply Depot  
  37  3:31  SCV  
  38  3:39  Marine  
  39  3:42  Marine  
  39  3:44  SCV  
  39  3:45  Orbital Command  
  41  3:49  Stimpack  
  41  3:52  Barracks Reactor  
  41  3:56  SCV  
  42  4:03  Marine  
  42  4:05  Marine  
  42  4:08  SCV  
  45  4:12  SCV  
  46  4:18  Marine  
  46  4:20  SCV  
  46  4:21  Marine  
  46  4:23  Marine  
  50  4:24  SCV  
  50  4:25  Starport  
  51  4:32  SCV  
  51  4:36  Supply Depot, SCV  
  51  4:37  Marine x2  
  55  4:44  Marine x2, SCV  
  58  4:46  Supply Depot  
  58  4:47  Siege Tank  
  58  4:49  SCV  
  62  4:56  Refinery  
  62  4:57  SCV  
  63  5:00  Refinery  
  63  5:01  Starport Reactor, SCV  
  64  5:10  SCV  
  64  5:13  SCV  
  66  5:14  Engineering Bay, Supply Depot  
  66  5:15  Supply Depot  
  66  5:22  SCV  
  66  5:25  SCV  
  66  5:28  Command Center  
  68  5:34  SCV  
  69  5:37  SCV  
  69  5:39  Marine x2  
  69  5:41  Medivac  
  69  5:42  Medivac  
  76  5:46  Terran Infantry Weapons Level 1, SCV  
  76  5:49  SCV  
  78  5:50  Marine, Combat Shields  
  78  5:52  Marine  
  80  5:58  SCV  
  80  6:01  SCV  
  80  6:02  Siege Tank  
  85  6:04  Marine x3  
  85  6:08  Marine  
  85  6:10  SCV  
  90  6:13  Supply Depot, SCV  
  90  6:15  Supply Depot  
  90  6:17  Medivac  
  93  6:21  Marine  
  94  6:34  Medivac, Marine x4, SCV x2  
  94  6:38  Barracks  
  102  6:42  Barracks  
  102  6:46  SCV x2  
  103  6:47  Armory  
  103  6:53  Supply Depot  
  103  6:59  SCV x2  
  105  7:02  Siege Tank  
  105  7:03  Medivac  
  105  7:04  Medivac  
  112  7:11  SCV x2  
  99  7:25  Marine  
  99  7:26  Marauder, Barracks Reactor, Marine x2  
  104  7:32  Orbital Command, Barracks  
  104  7:33  SCV x2  
  104  7:35  Barracks  
  104  7:36  Refinery  
  103  7:37  Refinery  
  103  7:40  Barracks Tech Lab  
  103  7:45  Engineering Bay, SCV  
  103  7:46  Terran Infantry Weapons Level 2  
  103  7:49  SCV  
  105  7:52  Marine x3  
  105  7:57  SCV  
  109  7:59  Marine x3  
  109  8:01  SCV  
  109  8:02  Concussive Shells  
  113  8:06  Terran Vehicle And Ship Armor Level 1  
  113  8:09  Marine  
  113  8:10  Marine  
  115  8:15  Factory  
  115  8:17  Marauder x2  
  115  8:18  Factory  
  119  8:21  Siege Tank  
  119  8:24  Marine x2  
  119  8:25  Marine x2  
  119  8:26  Barracks Tech Lab  
  126  8:29  Barracks Reactor  
  126  8:30  Supply Depot  
  126  8:32  Terran Infantry Armor Level 1  
  126  8:33  Supply Depot  
  125  8:34  Supply Depot  
  125  8:35  Marine  
  125  8:36  Marine  
  125  8:39  Marauder x2  
  131  8:42  Marine x2  
  131  8:46  Command Center  
  133  8:51  Marine  
  134  9:00  Marauder x2  
  134  9:02  Factory Tech Lab  
  138  9:12  Factory Tech Lab  
  138  9:21  Marauder  
  138  9:22  Marauder  
  137  9:30  Marine x2  
  137  9:31  Marauder, Marine x3  
  118  9:32  Marine x3  
  118  9:37  Medivac x2  
  129  9:38  Siege Tank  
  129  9:39  Siege Tank x2  
  129  9:43  Marauder x2  
  142  9:48  Marine x3  
  142  9:49  Marine x3  
  142  9:50  Marine  
  149  9:53  Marauder  
  149  9:55  Marine  
  152  10:04  Marauder x2  
  152  10:06  Marine x3  
  159  10:10  Command Center  
  159  10:11  Refinery  
  159  10:13  Refinery  
  159  10:14  Marauder  
  159  10:17  Medivac x2  
  159  10:18  Terran Vehicle And Ship Armor Level 2  
  159  10:20  Terran Infantry Weapons Level 3  
  164  10:22  Marine  
  164  10:23  Marine x4  
  164  10:26  Planetary Fortress  
  169  10:33  Marine x4  
  169  10:34  Marauder  
  177  10:36  Marauder  
  172  10:54  Medivac  
  172  10:55  Medivac, Thor x2  
  172  11:04  Thor  
  172  11:07  Terran Infantry Armor Level 2  
  178  11:16  Marine x3  
  178  11:17  Marine x7  
  188  11:22  Marauder  
  172  11:34  Marine x4  
  172  11:35  Marine x4  
  172  11:36  Marauder x2  
  182  11:43  Marauder, SCV  
  182  11:44  SCV x4  
  188  11:52  Marine x6  
  188  11:53  Marine x2  
  192  11:56  SCV x4  
  192  11:57  Marauder x2  
  193  12:14  Marine x3  
  193  12:15  Marauder  
  155  12:17  Marine x3  
  155  12:18  Marauder, Marine  
  155  12:19  Marauder  
  155  12:22  Planetary Fortress  
  161  12:25  SCV  
  161  12:28  SCV x3  
  165  12:30  Marine  
  165  12:32  Liberator  
  165  12:33  Liberator  
  165  12:36  Marauder  
  169  12:37  SCV  
  169  12:39  Refinery  
  169  12:40  Marauder x2, SCV x3  
  176  12:49  SCV  
  183  12:52  SCV x2  
  183  12:54  Marine x3  
  183  12:57  Marauder  
  154  13:08  Marine x3  
  154  13:09  Marauder x2  
  133  13:14  Marine  
  133  13:15  Marine x3  
  133  13:19  Marauder  
  122  13:20  Siege Tank  
  122  13:23  Marine  
  122  13:26  Marine x3  
  125  13:30  Marauder  
  125  13:31  Marauder  
  125  13:33  Marine x4  
  131  13:40  Marauder, Marine  
  123  13:44  Marine x3  
  123  13:45  SCV  
  123  13:46  SCV  
  127  13:50  Marine  
  127  13:51  Marine x4  
  127  13:52  Marauder  
  134  14:01  SCV x2  
  134  14:02  SCV x2  
  138  14:03  Command Center  
  138  14:04  Marauder  
  140  14:10  Marine x4  
  140  14:11  Marauder  
  140  14:13  SCV  
  140  14:14  Siege Tank  
  150  14:22  Marine x4  
  150  14:23  Marine  
  155  14:25  Marauder  
  155  14:31  Terran Infantry Armor Level 3  
  157  14:33  Marauder, Siege Tank  
  157  14:37  SCV  
  157  14:38  SCV x3  
  166  14:45  Command Center  
  166  14:47  Marauder  
  166  14:48  Marauder  
  166  14:50  SCV  
  171  14:54  Thor  
  177  15:06  Marine x2  
  177  15:07  Marine x5  
  179  15:08  Marauder  
  179  15:09  Marauder  
  188  15:18  SCV x3  
  188  15:19  SCV  
  192  15:28  Marine  
  192  15:29  Marauder x2, Marine  
  192  15:30  Marauder  
  192  15:32  Barracks  
  200  15:49  Ghost Academy  
  179  16:15  Marine x2  
  179  16:16  Marine  
  163  16:22  Barracks Reactor  
  154  16:36  Marine x3  
  154  16:37  Marauder x3  
  163  16:40  Siege Tank x3  
  172  16:48  Marine x3  
  174  16:58  Marauder x3  
  178  17:12  Siege Tank  
  170  17:17  Marine x3  
  170  17:19  Marauder  
  170  17:20  Marauder x2  
  179  17:25  Medivac x2  
  179  17:26  Terran Vehicle And Ship Armor Level 3  
  179  17:27  Building Armor  
  183  17:40  Ghost x3  
  189  17:45  Barracks x2  
  188  17:51  Planetary Fortress  
  188  17:52  Command Center  
  187  18:02  Personal Cloaking  
  187  18:03  Starport  
  187  18:04  Starport  
  187  18:09  Ghost x2  
  191  18:17  Marine x3  
  191  18:18  Marauder  
  161  18:36  Marine x2  
  161  18:38  Marauder x2  
  161  18:40  Marauder  
  148  18:43  Barracks Tech Lab  
  148  18:44  Barracks Tech Lab  
  146  18:49  Siege Tank  
  146  18:50  Siege Tank  
  152  18:58  Ghost  
  152  18:59  Ghost  
  152  19:00  Ghost  
  152  19:02  Medivac x2  
  162  19:04  Starport Reactor x2  
  162  19:09  Planetary Fortress, Fusion Core  
  162  19:21  Refinery  
  162  19:27  Ghost  
  162  19:28  Marauder  
  162  19:29  Refinery, Marauder  
  162  19:30  Refinery, Marine, Siege Tank  
  162  19:31  Refinery, Marine x3  
  174  19:32  Marauder x2  
  174  19:33  Refinery  
  179  19:49  Marauder  
  179  19:50  Ghost  
  183  19:53  Marauder x2  
  183  19:56  Ghost  
  189  20:10  Ghost  
  189  20:13  Ghost  
  189  20:14  Ghost  
  191  20:18  Ghost  
  197  20:22  Terran Vehicle Weapons Level 1  
  197  20:23  Neosteel Frame  
  197  20:25  Marauder  
  194  20:38  Ghost  
  194  20:42  Ghost  
  196  20:48  Command Center  
  198  21:00  Planetary Fortress  
  198  21:06  Ghost  
  200  21:14  Nuke  
  200  21:21  Command Center  
  200  21:49  Starport  
  129  22:22  Marine x4  
  132  22:23  Marauder x3, Marine x5  
  132  22:24  Marine x3  
  132  22:29  Medivac x5  
  157  22:30  Medivac  
  157  22:33  Command Center  
  159  22:40  Marine x4  
  159  22:42  Marauder x2  
  167  22:44  Marauder x2  
  167  22:45  Marauder  
  167  22:48  Planetary Fortress  
  173  22:52  SCV x3  
  173  22:53  SCV x2  
  178  23:03  Marauder  
  178  23:04  Marauder, SCV x2  
  184  23:06  Marauder x3  
  189  23:25  Marauder x2  
  189  23:27  Marauder x3  
  192  23:34  Marine x5  
  192  23:35  Marine x2  
  198  23:49  Marauder  
  192  24:00  Marine x3  
  192  24:01  Marauder x2  
  164  24:19  Marine x3  
  164  24:20  Marauder x3  
  173  24:29  Marine x3  
  173  24:30  Marauder x2  
  180  24:37  Medivac x2  
  182  24:40  Marine x2  
  182  24:41  Marauder x3  
  190  24:50  Marine x3  
  190  24:51  Marauder, Marine  
  190  25:07  Medivac x2  
  178  25:36  Marine x3  
  178  25:37  Medivac x2, Marine x3  
  178  25:38  Marauder x4, Marine x4  
  178  25:39  Marauder  
  180  25:54  Marine x2  
  182  25:59  Marauder x3  
  165  26:04  Marauder x2  
  158  26:17  Marine x2  
  141  26:20  Marauder  
  141  26:21  Marauder x2  
  145  26:26  Marauder x2  
  145  26:29  Marine  
  145  26:30  Marine x2  
  126  26:42  Marauder x3, Medivac x2  
  126  26:43  Medivac x2  
  126  26:44  Medivac x2  
  140  26:47  Marauder x2  
  140  26:50  Marine x3  
  140  26:51  Marine x2  
  140  26:52  Starport Tech Lab  
  149  26:56  Marine x3  
  152  27:01  Command Center  
  152  27:03  Marauder x2, Ghost  
  152  27:08  Ghost x2  
  158  27:12  Medivac x2  
  158  27:13  Medivac x2  
  158  27:14  Marine x3  
  158  27:15  Marine x3  
  176  27:24  Marauder  
  176  27:25  Marauder  
  180  27:32  Marauder  
  180  27:35  Refinery  
  182  27:37  Marauder x2  
  186  27:47  Command Center  
  186  27:48  Marine  
  187  28:05  Marine  
  187  28:06  Marine  
  187  28:07  Marauder x2  
  187  28:08  Marauder x3  
  143  28:28  Marauder x2, Ghost  
  143  28:29  Marauder  
  143  28:30  Marauder  
  144  28:37  Marine x3  
Tags
 
Composition
Bio Tank
Matchup
TvZ
Spawn Locations
Cross Positions
Add a new tag
Caveats
  • Supply blocks, unpowered buildings, or Contaminate may cause inaccurate times.
  • Supply counts are checked every 10 seconds.